 Dungeon Crawl Stone Soup version 0.24.1-4-ge52af88ad5 (webtiles) character file.

Game seed: 93102846627489672, levelgen mode: deterministic

123 Gruesph the Insei (level 4, -2/35 HPs)
             Began as a Draconian Transmuter on Apr 18, 2020.
             Slain by a worm (12 damage)
             ... on level 2 of the Dungeon.
             The game lasted 00:10:18 (2480 turns).

Gruesph the Insei (Draconian Transmuter)            Turns: 2480, Time: 00:10:19

Health: -2/35      AC:  5    Str: 12    XL:     4   Next: 80%
Magic:  7/7        EV: 12    Int: 13    God:
Gold:   91         SH:  0    Dex: 13    Spells: 1/7 levels left

rFire    . . .     SeeInvis .     - Unarmed
rCold    . . .     Gourm    .   (no shield)
rNeg     . . .     Faith    .   (armour unavailable)
rPois    .         Spirit   .   (helmet restricted)
rElec    .         Reflect  .   (no cloak)
rCorr    .         Harm     .   (no gloves)
MR       .....                  (no boots)
Stlth    +.........             (no amulet)
HPRegen  0.11/turn              (no ring)
MPRegen  0.10/turn              (no ring)

@: appendage (expiring)
A: unfitting armour, horns 2, cold-blooded, AC +5
a: End Transformation


You were on level 2 of the Dungeon.
You were not hungry.
You had grown temporary horns.
You visited 1 branch of the dungeon, and saw 2 of its levels.

You collected 91 gold pieces.

Inventory:

Missiles
 a - 27 arrows
 b - 18 sling bullets
 i - 24 stones (quivered)
Jewellery
 h - an uncursed ring of ice {unknown}
 q - a +2 ring of strength {unknown}
Scrolls
 l - 3 scrolls of fear {unknown}
Potions
 c - a potion of agility {unknown}
 d - a potion of degeneration {unknown}
 e - a potion of cancellation {unknown}
 g - a potion of mutation {unknown}
 j - a potion of flight {unknown}
 k - 2 potions of lignification {unknown}
 m - a potion of invisibility {unknown}
 n - a potion of might {unknown}
 o - a potion of curing {unknown}
Comestibles
 f - 2 rations
 p - a chunk of flesh


   Skills:
 - Level 1.1 Fighting
 - Level 1.7 Dodging
 + Level 4.9 Unarmed Combat
 + Level 2.1 Spellcasting
 + Level 2.1 Transmutations
 - Level 2.0 Poison Magic


You had one spell level left.
You knew the following spells:

 Your Spells              Type           Power        Failure   Level  Hunger
a - Beastly Appendage     Tmut           #.....       11%         1    ##.....
b - Sticks to Snakes      Tmut           #.......     16%         2    ###....
c - Spider Form           Tmut/Pois      #.........   32%         3    ####...

Your spell library contained the following spells:

 Spells                   Type           Power        Failure   Level  Hunger
 Ice Form                 Ice/Tmut       #.......     86%         4    #####..
 Blade Hands              Tmut           #.........   96%         5    ######.


Dungeon Overview and Level Annotations

Branches:
Dungeon (2/15)

Altars:
Trog
The Shining One


Innate Abilities, Weirdness & Mutations

Your plain brown scales are hard. (AC +5)
You cannot fit into any form of body armour.
You are cold-blooded and may be slowed by cold attacks.
You have a pair of horns on your head.


Message History

You barely miss the worm. You tail-slap the worm.
The worm is moderately wounded.
Your transformation is almost over.
The worm closely misses you.
You hit the worm.
The worm is heavily wounded.
You hit the worm but do no damage.
The worm is heavily wounded.
The worm bites you!
* * * LOW HITPOINT WARNING * * *
You hit the worm.
The worm is heavily wounded.
The worm misses you.
You punch the worm! You tail-slap the worm.
The worm is almost dead.
The worm barely misses you.
You barely miss the worm. You headbutt the worm.
The worm is almost dead.
The worm bites you!
You die...

# ####......÷........... #
##...#######...##### #########
##...############ #. ...##<..##
##...####....### ####.
....).<..###...####.......###....
..........#....###.......).##.#..
................##....#...)##....
............######...###....#####
............# #.@w...#y#r_.)
...##.......###.##...###....
##.###..........##....#....# ##.#
#......######.........###### ##>#
#......# ##......)###...> ##.#
#......# ####....### #.†.. ##.#
#......# ###..##########.... ##.#
##########....# #.....#.... ##.#
######....##.#####...[.....


You could see a moth of wrath and a worm (berserk).

Vanquished Creatures
  Jessica (D:2)
  3 adders
  2 worms (D:2)
  5 dart slugs
  3 leopard geckos
  A ball python (D:1)
  5 bats
  A giant cockroach (D:1)
  8 goblins
  6 hobgoblins
  4 jackals (D:2)
  8 kobolds
  2 frilled lizards (D:2)
  8 rats
57 creatures vanquished.

Notes
Turn   | Place    | Note
-------+----------+-------------------------------------------
     0 | D:1      | Gruesph the Draconian Transmuter began the quest for the
                  | Orb.
     0 | D:1      | Reached XP level 1. HP: 16/16 MP: 3/3
   143 | D:1      | Reached XP level 2. HP: 23/23 MP: 3/5
   429 | D:1      | Found a glowing golden altar of the Shining One.
   565 | D:1      | Reached skill level 4 in Unarmed Combat
   768 | D:1      | Reached XP level 3. HP: 21/28 MP: 4/6
   901 | D:1      | Learned a level 2 spell: Sticks to Snakes
   905 | D:1      | Learned a level 3 spell: Spider Form
  1740 | D:1      | Reached skill level 1 in Poison Magic
  2065 | D:2      | Reached XP level 4. HP: 29/35 MP: 5/7
  2231 | D:2      | Noticed Jessica
  2237 | D:2      | Killed Jessica
  2404 | D:2      | Noticed a moth of wrath
  2406 | D:2      | Found a bloodstained altar of Trog.
  2480 | D:2      | Slain by a worm

Levels and vault maps discovered:
D:1:      giann_wishing_wells, layout_loops_ring, minmay_misc_feat_four_crosses,
          tso_metal_star
D:2:      layout_rooms, minitemple, tgw_trog, uniq_jessica

Skill      XL: |  1  2  3  4 |
---------------+-------------+-----
Unarmed Combat | 4 |  4.9
Poison Magic   | 1 2 |  2.0
Fighting       | |  1.1
Dodging        | |  1.7
Spellcasting   | |  2.1
Transmutations | |  2.1

Action                   |  1- 3 |  4- 6 || total
-------------------------+-------+-------++-------
Melee: Unarmed           |   101 |    74 ||   175
       Tailslap          |    10 |    12 ||    22
       Kick              |     7 |     1 ||     8
       Punch             |     3 |       ||     3
       Headbutt          |     3 |     4 ||     7
Throw: Stone             |     4 |       ||     4
 Cast: Beastly Appendage |    20 |     7 ||    27
       Sticks to Snakes  |     1 |     2 ||     3
       Spider Form       |       |     1 ||     1
 Stab: Sleeping          |       |     1 ||     1
  Eat: Chunk             |     4 |     2 ||     6
Armor: Skin              |    29 |    18 ||    47
Dodge: Dodged            |    54 |    40 ||    94
